 Dungeon Crawl Stone Soup version 0.29-a0-231-g945431f764 (webtiles) character file.

Game seed: 15784702509856074858

358 siradein the Skirmisher (level 6, -1/53 HPs)
             Began as a Ghoul Fighter on Feb 28, 2022.
             Slain by a scorpion (5 damage)
             ... on level 5 of the Dungeon.
             The game lasted 00:07:34 (4657 turns).

siradein the Skirmisher (Ghoul Fighter)             Turns: 4657, Time: 00:07:35

Health: -1/53      AC:  9    Str: 22    XL:     6   Next: 64%
Magic:  5/5        EV:  9    Int:  3    God:
Gold:   232        SH:  4    Dex:  8    Spells: 5/5 levels left

rFire   + + .      SeeInvis .   a - +0 long sword
rCold   . . .      Faith    .   c - +0 buckler
rNeg    + + +      Spirit   .   m - +0 fire dragon scales
rPois   ∞          Reflect  .   (no helmet)
rElec   .          Harm     .   (no cloak)
rCorr   .          Rampage  .   (no gloves)
Will    .....                   (no boots)
Stlth   ..........              (no amulet)
HPRegen 0.00/turn               (no ring)
MPRegen 0.09/turn               (no ring)

@: inhibited regen
A: claws 1, cold resistance 1, negative energy resistance 3, inhibited
regeneration, torment resistance 2
a: no special abilities


You were on level 5 of the Dungeon.
You visited 1 branch of the dungeon, and saw 5 of its levels.

You collected 232 gold pieces.

Inventory:

Hand Weapons
 a - a +0 long sword (weapon)
Armour
 c - a +0 buckler (worn)
 m - +0 fire dragon scales (worn)
Scrolls
 h - a scroll of fear
 i - a scroll of silence {unknown}
 k - 3 scrolls of teleportation {unknown}
 n - a scroll of amnesia {unknown}
Potions
 b - a potion of heal wounds
 d - 2 potions of might
 e - a potion of haste
 f - a potion of attraction
 g - 2 potions of curing
 l - a potion of invisibility
 o - 2 potions of flight {unknown}


   Skills:
 + Level 4.6 Fighting
 + Level 3.2 Long Blades
 + Level 3.9 Armour
 + Level 1.7 Dodging
 + Level 3.8 Shields


You had 5 spell levels left.
You didn't know any spells.
Your spell library contained the following spells:

 Spells                   Type           Power      Damage    Failure   Level
 Pain                     Necr           0%         1d4       94%         1
 Ozocubu's Armour         Ice            0%         N/A       100%        3
 Tukima's Dance           Hex            0%         N/A       100%        3
 Passage of Golubria      Tloc           0%         N/A       100%        4
 Agony                    Necr           0%         N/A       100%        5
 Excruciating Wounds      Necr           0%         N/A       100%        5
 Yara's Violent Unravell  Hex/Tmut       0%         3d3       100%        5
 Ozocubu's Refrigeration  Ice            0%         4d5       100%        7


Dungeon Overview and Level Annotations

Branches:
Dungeon (5/15)
 Temple: D:4-7

Altars:
Dithmenos

Annotations:
D:3 1 runed translucent door, Cecur's ghost, amateur FoFi


Innate Abilities, Weirdness & Mutations

You thrive by killing the living.
You are immune to poison.
You have sharp fingernails.
Your flesh is cold resistant. (rC+)
You are immune to negative energy. (rN+++)
You do not regenerate when monsters are visible.
You are immune to unholy pain and torment.


Message History

Press: ? - help, Q - select action Shift-Dir - straight line, f/p - scorpion
Aim: a scorpion (moderately wounded, 56% to hit)
You throw a poisoned dart.
The poisoned dart barely misses the scorpion.
The scorpion barely misses you. The scorpion closely misses you.
Unknown command.
You slash the scorpion!
The scorpion is severely wounded.
The scorpion stings you but does no damage.
You hit the scorpion but do no damage.
The scorpion is severely wounded.
The scorpion stings you!
* * * LOW HITPOINT WARNING * * *
You block the scorpion's attack.
You hit the scorpion but do no damage.
The scorpion is severely wounded.
The scorpion stings you but does no damage.
You hit the scorpion but do no damage.
The scorpion is severely wounded.
The scorpion barely misses you. The scorpion closely misses you.
You closely miss the scorpion.
The scorpion is severely wounded.
The scorpion stings you but does no damage.
You hit the scorpion but do no damage.
The scorpion is severely wounded.
The scorpion stings you.
* * * LOW HITPOINT WARNING * * *
The scorpion stings you but does no damage.
You barely miss the scorpion.
The scorpion is severely wounded.
The scorpion stings you but does no damage.
You hit the scorpion.
The scorpion is almost dead.
The scorpion stings you but does no damage.
The scorpion stings you!
* * * LOW HITPOINT WARNING * * *
You hit the scorpion but do no damage.
The scorpion is almost dead.
The scorpion stings you.
You die...

.....#.#..
.....#(#.####
..........#
........
#...######
#........#
#.#......#
#s##..####
#@# .....
####.#
?......
#....#
#...###
#.#### .....
#.# ......
#.# .#...#
#.# #.# #.#


You could see a scorpion.

Vanquished Creatures
  An ogre (D:4)
  A scorpion (D:4)
  A jelly (D:4)
  2 iguanas (D:4)
  5 adders
  An ufetubus (D:4)
  2 worms
  5 dart slugs
  2 orcs
  4 endoplasms
  2 giant cockroaches
  7 hobgoblins
  4 jackals (D:2)
  2 quokkas
  7 ball pythons
  3 bats (D:1)
  A frilled lizard (D:1)
  19 goblins
  7 kobolds
  3 rats
79 creatures vanquished.

Notes
Turn   | Place    | Note
-------+----------+-------------------------------------------
     0 | D:1      | siradein the Ghoul Fighter began the quest for the Orb.
     0 | D:1      | Reached XP level 1. HP: 19/19 MP: 0/0
   254 | D:1      | Reached XP level 2. HP: 24/26 MP: 1/1
   301 | D:1      | Found a faded altar of an unknown god.
   992 | D:1      | Reached XP level 3. HP: 27/31 MP: 2/2
  1866 | D:2      | Reached XP level 4. HP: 34/40 MP: 3/3
  2640 | D:3      | Found a runed translucent door.
  2645 | D:3      | Noticed Cecur's ghost (amateur FoFi)
  2714 | D:3      | Reached skill level 4 in Fighting
  3069 | D:4      | Reached XP level 5. HP: 27/46 MP: 4/4
  3323 | D:4      | Found a shadowy altar of Dithmenos.
  3404 | D:4      | Reached skill level 1 in Dodging
  3426 | D:4      | Noticed an ogre
  3898 | D:4      | Reached XP level 6. HP: 40/53 MP: 5/5
  4580 | D:5      | Entered Level 5 of the Dungeon
  4657 | D:5      | Slain by a scorpion

Illustrated notes

Levels and vault maps discovered:
D:1:      lightli_arrival_boilingwater, layout_loops_corners,
          shapermc_ecumenical_altar_venn
D:2:      kennysheep_six_static_rooms, layout_basic, lemuel_another_geyser
D:3:      layout_basic, ebering_ghost_sewer_d
D:4:      layout_loops_ring, mainiacjoe_overflow_concentric_impassable,
          hangedman_glass_teeth, minmay_ogre_servants
D:5:      layout_loops_ring, fedhas_altar_4, kennysheep_diamond,
          hangedman_abyss_or_decor_stagger, chequers_serial_rivers_micro_d

Skill      XL: |  1  2  3  4  5 |
---------------+----------------+-----
Long Blades    | 2 3 |  3.2
Shields        | 3 |  3.8
Armour         | 3 |  3.9
Fighting       | 4 |  4.6
Dodging        | 1 |  1.7

Action                   |  1- 3 |  4- 6 || total
-------------------------+-------+-------++-------
Melee: Long sword        |   169 |   206 ||   375
Throw: Dart              |       |     5 ||     5
  Use: Scroll            |       |     6 ||     6
Armor: Scale mail        |    48 |       ||    48
       Plate armour      |    91 |       ||    91
       Fire dragon scale |     5 |    98 ||   103
Dodge: Dodged            |    53 |   117 ||   170
Block: Buckler           |    37 |    33 ||    70

Table legend: (Time is in decaauts)
 A = Elapsed time spent in this place.
 B = Non-inter-level travel time spent in this place.
 C = Inter-level travel time spent in this place.
 D = Time resting spent in this place.
 E = Time spent auto-exploring this place.
 F = Levels seen in this place.
 G = Mean time per level.
                   A        B        C        D        E       F      G
               +--------+--------+--------+--------+--------+-----+--------+
         Total |   4783 |   4644 |    139 |      0 |   3772 |   5 |  956.6 |
       Dungeon |   4783 |   4644 |    139 |      0 |   3772 |   5 |  956.6 |
               +--------+--------+--------+--------+--------+-----+--------+

Top non-repeatable levels by time:
     D:4: 1625 daAuts
     D:1: 1329 daAuts
     D:2: 1042 daAuts
     D:3: 703 daAuts
     D:5: 82 daAuts
